AoeStats
← 黑色的广告

Arena

510330452Analyzed
1v1 RM · 19h ago on Sep 30, 2026· 38m 15s· 2 players
Game mode
Random Map
Map size
Tiny (2 player)
Population
200
Speed
Normal
Resources
Standard
Victory
Conquest
Starting age
Dark Age
Ending age
Imperial Age
RankedLock teamsTeams togetherTeam positionsShared explorationLock speedFull tech treeHidden civsTurbo modeCheats
Victory
Defeat
🇨🇳 Poles · China
938
+15
🇹🇷 Spanish · Türkiye
924
-15
TidierCast1585
1:55 Loom
11:07 Feudal Age
15:00 Castle Age
14:39 Horse Collar
31:12 Imperial Age
30:10 Masonry
30:15 Fortified Wall
31:53 Scale Barding Armor
31:59 Forging
32:03 Double-Bit Axe
32:21 Cavalier
33:39 Padded Archer Armor
34:19 Bloodlines
34:09 Husbandry
37:10 Chain Barding Armor
37:26 Iron Casting
黑色的广告
10:59 Feudal Age
14:41 Castle Age
15:01 Double-Bit Axe
17:13 Fletching
20:23 Loom
20:30 Horse Collar
21:29 Gold Mining
22:35 Bow Saw
23:44 Wheelbarrow
23:33 Heavy Plow
28:10 Imperial Age
26:44 Szlachta Privileges
26:31 Stone Mining
27:13 Scale Barding Armor
27:19 Forging
27:47 Hand Cart
29:07 Stone Shaft Mining
29:02 Chain Barding Armor
29:18 Town Watch
30:38 Conscription
29:47 Cavalier
30:40 Bodkin Arrow
31:43 Bloodlines
32:26 Iron Casting
33:10 Husbandry
34:23 Town Patrol
36:00 Blast Furnace
Connection lost

Rejoining the realm…

Still unreachable

The connection could not be restored.

Session expired

The server has moved on; the page needs a fresh start.